Map: Beckett Industries LE

Players

Astrea

  • Race: Protoss Protoss

Scarlett - Winner!

  • Race: Zerg Zerg

Event: DreamHack SC2 Masters 2021 Winter

VOD

Have the link to the VOD?

Description

Time

  • Played on: Oct. 16, 2021, 5:11 p.m.
  • Length: 10:16

All games in this series

Show
View Real Time Build Order
Export as new Build Order

Astrea Protoss 

Build Orders: 1 Gate Expand, Phoenix Opening, Zealot Archon 

Get SALT Encoding   

  12  0:00  Probe  
  13  0:12  Probe  
  14  0:18  Pylon  
  14  0:24  Probe  
  15  0:36  Probe (Chrono Boost)  
  15  0:40  Gateway  
  16  0:48  Probe (Chrono Boost)  
  16  0:49  Assimilator  
  17  0:54  Probe (Chrono Boost)  
  18  1:03  Probe  
  19  1:06  Pylon  
  19  1:15  Probe  
  20  1:27  Cybernetics Core  
  20  1:43  Nexus  
  20  1:47  Probe (Chrono Boost)  
  21  1:57  Probe (Chrono Boost)  
  21  2:00  Assimilator  
  22  2:02  Probe (Chrono Boost)  
  22  2:03  Adept (Chrono Boost)  
  22  2:06  Warp Gate (Chrono Boost)  
  25  2:13  Probe  
  26  2:20  Shield Battery  
  26  2:25  Probe  
  29  2:36  Sentry  
  28  2:38  Probe  
  28  2:39  Pylon  
  29  2:48  Gateway  
  29  2:55  Probe x2  
  31  2:58  Gateway  
  31  3:03  Sentry  
  33  3:07  Probe (Chrono Boost)  
  33  3:08  Probe (Chrono Boost)  
  33  3:11  Phoenix  
  35  3:12  Shield Battery  
  37  3:20  Probe (Chrono Boost)  
  37  3:25  Probe (Chrono Boost)  
  37  3:27  Probe (Chrono Boost)  
  37  3:31  Probe (Chrono Boost)  
  37  3:33  Robotics Facility  
  39  3:35  Pylon  
  39  3:37  Probe  
  40  3:43  Warp Prism, Probe  
  40  3:47  Sentry  
  40  3:48  Sentry  
  45  3:49  Probe  
  46  3:55  Probe  
  46  4:01  Probe  
  48  4:03  Zealot  
  48  4:07  Pylon  
  48  4:09  Probe  
  51  4:12  Zealot  
  51  4:13  Pylon  
  51  4:14  Probe  
  54  4:24  Pylon  
  54  4:25  Observer (Chrono Boost), Probe, Zealot  
  54  4:26  Zealot, Assimilator  
  54  4:27  Assimilator  
  54  4:29  Probe  
  61  4:34  Pylon  
  61  4:37  Stalker  
  63  4:39  Probe  
  63  4:42  Probe  
  65  4:51  Probe  
  66  4:53  Immortal (Chrono Boost)  
  66  4:54  Probe  
  71  5:00  Robotics Bay  
  71  5:06  Probe  
  72  5:14  Forge  
  72  5:17  Twilight Council  
  72  5:19  Pylon  
  72  5:21  Warp Prism (Chrono Boost)  
  74  5:31  Pylon  
  74  5:37  Zealot  
  74  5:38  Zealot  
  78  5:46  Pylon  
  78  5:47  Nexus  
  78  5:50  Protoss Ground Weapons Level 1  
  78  5:55  Disruptor (Chrono Boost)  
  80  6:08  Probe x2  
  80  6:10  Charge  
  82  6:20  Probe x2  
  84  6:26  Nexus  
  84  6:27  Disruptor (Chrono Boost)  
  84  6:28  Pylon  
  87  6:32  Probe  
  87  6:33  Probe  
  87  6:37  Templar Archives  
  87  6:39  Gateway  
  87  6:42  Gateway  
  87  6:44  Zealot x2  
  87  6:45  Probe x2  
  93  6:49  Shield Battery  
  92  6:57  Probe  
  93  7:04  Disruptor (Chrono Boost)  
  86  7:11  Zealot x2  
  73  7:21  Shield Battery  
  73  7:26  Gateway  
  73  7:28  Gateway  
  73  7:29  Gateway  
  71  7:31  Disruptor (Chrono Boost), Shield Battery  
  71  7:34  Zealot, High Templar x2  
  71  7:35  Gateway  
  80  7:37  Pylon  
  80  7:39  Archon  
  80  7:43  Zealot  
  82  7:46  Pylon  
  82  7:47  Pylon  
  80  7:51  Zealot, Pylon  
  80  7:55  Probe x2  
  84  8:01  Cybernetics Core, Nexus  
  84  8:04  Disruptor (Chrono Boost)  
  87  8:07  Probe  
  87  8:08  Probe  
  87  8:11  High Templar x2  
  93  8:15  Archon  
  93  8:17  Gateway  
  93  8:19  Probe  
  94  8:20  Probe  
  94  8:21  Pylon  
  94  8:25  High Templar x2  
  94  8:26  Gateway  
  99  8:30  Archon  
  99  8:34  Probe  
  99  8:35  Probe  
  101  8:42  Shield Battery  
  101  8:48  Probe x2  
  103  8:55  Pylon  
  103  8:59  Photon Cannon  
  103  9:06  Assimilator  
  103  9:09  Assimilator  
  103  9:13  High Templar x2  
  103  9:14  Zealot x2  
  111  9:18  Photon Cannon  
  111  9:19  Archon  
  111  9:35  Photon Cannon  
  111  9:36  Photon Cannon, Zealot x4  
  118  9:46  Photon Cannon, High Templar x2  
  118  9:48  Stalker  
  118  9:52  Archon  
Show
View Real Time Build Order
Export as new Build Order

Scarlett Zerg - Winner!

Build Orders: Pool First 

Get SALT Encoding   

  12  0:00  Drone  
  13  0:12  Overlord  
  13  0:16  Drone  
  14  0:30  Drone x2  
  16  0:38  Drone  
  16  0:40  Extractor  
  16  0:46  Spawning Pool  
  15  0:50  Drone  
  16  0:58  Drone  
  17  1:15  Drone  
  18  1:20  Hatchery  
  17  1:30  Drone  
  18  1:35  Zergling x2  
  18  1:39  Queen  
  19  1:46  Metabolic Boost  
  21  1:53  Overlord  
  21  1:58  Zergling x2  
  22  2:14  Zergling x2  
  22  2:15  Queen  
  23  2:16  Drone  
  27  2:30  Drone  
  27  2:33  Drone x2  
  29  2:43  Drone  
  29  2:44  Drone  
  31  2:48  Drone x3  
  34  2:57  Hatchery  
  33  3:01  Overlord  
  33  3:05  Drone  
  33  3:12  Drone x2  
  36  3:22  Queen  
  36  3:23  Drone x2  
  36  3:26  Drone x3  
  43  3:30  Drone  
  43  3:35  Overlord  
  43  3:43  Overlord  
  43  3:53  Queen  
  43  3:54  Drone  
  43  3:55  Drone x5  
  51  3:57  Overlord  
  51  4:03  Drone x4  
  55  4:11  Extractor  
  55  4:12  Roach Warren  
  55  4:14  Overlord  
  55  4:16  Zergling x4  
  55  4:19  Queen  
  57  4:24  Zergling x8  
  57  4:30  Overlord  
  61  4:32  Zergling x6  
  61  4:35  Zergling x2  
  61  4:36  Zergling x2  
  66  4:43  Drone x3  
  69  4:46  Spore Crawler  
  69  4:47  Spore Crawler  
  69  4:49  Spore Crawler  
  66  4:55  Drone x5  
  66  4:59  Drone x3  
  74  5:02  Drone x4  
  78  5:10  Lair, Overlord  
  78  5:13  Overlord  
  78  5:15  Overlord  
  78  5:21  Roach x2  
  82  5:28  Extractor, Overlord  
  82  5:29  Extractor  
  82  5:30  Drone  
  82  5:31  Drone x3  
  82  5:32  Drone x3  
  82  5:34  Drone  
  82  5:35  Overlord  
  88  5:41  Roach x3  
  93  5:46  Overlord  
  93  5:48  Roach  
  95  5:51  Roach  
  95  5:55  Roach x3  
  95  5:56  Ravager  
  105  5:57  Ravager  
  105  6:00  Roach x3  
  105  6:01  Roach x2  
  105  6:03  Ravager x2  
  117  6:06  Zergling x10  
  122  6:13  Zergling x2  
  122  6:25  Zergling x14  
  122  6:37  Zergling x10  
  123  6:41  Overseer  
  123  6:42  Ravager x3  
  123  6:43  Ravager x2, Zergling x2  
  129  6:49  Evolution Chamber, Extractor x2  
  126  6:54  Hatchery  
  120  7:01  Drone  
  120  7:02  Drone x9  
  120  7:06  Zergling x2  
  122  7:08  Glial Reconstitution  
  122  7:14  Drone x3  
  117  7:25  Zergling x6  
  119  7:31  Spire  
  119  7:32  Baneling Nest  
  119  7:34  Drone  
  119  7:35  Drone x5  
  123  7:39  Zerg Missile Weapons Level 1  
  123  7:44  Zergling x6  
  123  7:45  Zergling x6  
  129  8:04  Overlord x6  
  129  8:08  Extractor  
  129  8:10  Drone x2  
  129  8:11  Drone x4, Extractor  
  129  8:12  Zergling x4  
  135  8:13  Hatchery  
  135  8:16  Centrifugal Hooks, Overlord  
  134  8:21  Overlord  
  134  8:27  Overseer  
  134  8:29  Zergling x16  
  142  8:36  Roach x6  
  142  8:40  Roach x4  
  162  8:52  Mutalisk x6  
  174  8:56  Mutalisk x4  
  174  9:00  Mutalisk  
  174  9:01  Mutalisk  
  186  9:03  Zergling x10  
  186  9:07  Zergling x10  
  196  9:15  Zergling x2  
  196  9:16  Overseer x2  
  197  9:21  Zergling x4  
  199  9:29  Baneling  
  199  9:30  Baneling x20  
  199  9:31  Baneling  
  199  9:35  Baneling x3  
  199  9:40  Evolution Chamber  

Tags
 
Add a new tag
Caveats
  • Supply blocks, unpowered buildings, or Contaminate may cause inaccurate times.
  • Supply counts are checked every 10 seconds.